 Dungeon Crawl Stone Soup version 0.31.0-11-ge490571c62 (webtiles) character file.

Game seed: 4153224520108481895

27275 firemarshallily the Fighter (level 13, -3/106 HPs)
             Began as a Djinni Conjurer on Feb 5, 2024.
             Was a High Priest of Makhleb.
             Killed from afar by a frost giant (55 damage)
             ... with a bolt of cold
             ... in an ice cave on Feb 6, 2024.
             The game lasted 01:18:26 (9774 turns).

firemarshallily the Fighter (Djinni Conjurer)       Turns: 9774, Time: 01:18:26

Health: -3/106     AC: 14    Str: 10    XL:     13   Next: 64%
Gold:   344        EV: 13    Int: 21    God:    Makhleb [*****.] SH:  7 Dex: 12

rFire   + + .        W - +6 shillelagh "Devastator" {shatter}
rCold   x . .        Q - +2 buckler
rNeg    . . .        i - +0 troll leather armour
rPois   ∞            g - +1 helmet
rElec   .            x - +0 cloak
rCorr   .            y - +2 pair of gloves
SInv    .            (boots unavailable)
Will    +....        u - amulet of regeneration
Stlth   +            d - +4 ring of protection
HPRegen 1.97/turn    A - +4 ring of slaying
MPRegen 0.00/turn

%: infuse magic (-4 HP)
@: flying, studying Fire Magic
A: sickness immunity, fire resistance 2, cold vulnerability 1, float, innate
caster, HP casting, extra vitality 1
a: Renounce Religion, Minor Destruction, Lesser Servant of Makhleb, Major
Destruction, Greater Servant of Makhleb


You were in an ice cave.
You worshipped Makhleb.
Makhleb was extremely pleased with you.
You visited 2 branches of the dungeon, and saw 13 of its levels.
You also visited: Ossuary and Ice Cave.

You collected 778 gold pieces.
You spent 434 gold pieces at shops.

Inventory:

Hand Weapons
 B - a +4 short sword of freezing
 W - the +6 shillelagh "Devastator" (weapon) {shatter}
   (You found it on level 10 of the Dungeon)
Missiles
 s - 2 javelins (quivered)
 G - 11 boomerangs
 P - 8 poisoned darts
Armour
 g - a +1 helmet (worn)
 h - a +0 ring mail
 i - a +0 troll leather armour (worn)
 x - a +0 cloak (worn)
 y - a +2 pair of gloves (worn)
 z - the +4 scale mail of Chill Winds {rF++ Str+2}
   (You found it on level 4 of the Dungeon)

   Str+2:     It affects your strength (+2).
   rF++:      It greatly protects you from fire.
 E - the +2 robe "Cijaes" {rN+ Dex+2}
   (You found it on level 5 of the Dungeon)

   Dex+2:     It affects your dexterity (+2).
   rN+:       It protects you from negative energy.
 Q - a +2 buckler (worn)
Jewellery
 d - a +4 ring of protection (left hand)
 e - a ring of fire
 u - an amulet of regeneration (around neck)
 w - a +6 ring of strength
 A - a +4 ring of slaying (right hand)
 F - an amulet of faith
 N - a ring of see invisible
 V - a +4 ring of protection
Wands
 b - a wand of charming (3)
 c - a wand of roots (1)
 D - a wand of polymorph (16)
 L - a wand of light (2)
 M - a wand of flame (5)
 U - a wand of mindburst (7)
Scrolls
 a - 4 scrolls of fear
 f - 6 scrolls of fog
 l - a scroll of brand weapon
 q - 4 scrolls of vulnerability
 t - 7 scrolls of teleportation
 C - 2 scrolls of summoning
 H - 5 scrolls of poison
 I - 2 scrolls of noise
 K - 2 scrolls of torment
 X - 2 scrolls of silence {unknown}
Potions
 j - a potion of haste {unknown}
 k - a potion of heal wounds
 m - 3 potions of brilliance
 n - 3 potions of might {unknown}
 p - a potion of ambrosia {unknown}
 r - 6 potions of curing
 v - 2 potions of cancellation
 J - a potion of magic {unknown}
 O - a potion of resistance {unknown}
 R - a potion of berserk rage
 S - 2 potions of enlightenment
 T - 2 potions of invisibility {unknown}


   Skills:
 * Level 14.4 Fighting
 - Level 4.0 Armour
 - Level 7.5 Dodging
 - Level 1.5 Stealth
 - Level 5.0 Shields
 * Level 11.3 Spellcasting
 * Level 11.3 Conjurations
 * Level 11.3 Hexes
   Level 0.0 Charms
 * Level 11.3 Summonings
 * Level 11.3 Necromancy
 * Level 11.3 Translocations
   Level 0.0 Transmutations
 * Level 13.6 Fire Magic
 * Level 11.3 Ice Magic
 * Level 11.3 Air Magic
 * Level 11.3 Earth Magic
 * Level 11.3 Alchemy
 + Level 3.8 Invocations


You knew the following spells:

 Your Spells              Type           Power      Damage    Failure   Level
a - Magic Dart            Conj           100%       1d8       1%          1
b - Searing Ray           Conj           100%       2d8       1%          2
c - Fulminant Prism       Conj/Alch      28%        3d14      1%          4
d - Iskenderun's Mystic   Conj/Tloc      56%        2d12      1%          4
e - Apportation           Tloc           100%       N/A       1%          1
f - Static Discharge      Conj/Air       100%       3-8/arc   1%          2
g - Tukima's Dance        Hex            56%        N/A       1%          3
h - Summon Lightning Spi  Summ/Air       56%        N/A       1%          4
i - Iskenderun's Battles  Conj           56%        2d11      2%          5
j - Yara's Violent Unrav  Hex/Alch       28%        3d12      2%          5
Your spell library was empty.

Dungeon Overview and Level Annotations

Branches:
Dungeon (12/15)            Temple (1/1) D:5            Lair (0/5) D:10
    Orc (0/2) D:11        Ossuary (visited)           IceCv (1/1)

Altars:
Ashenzari
Cheibriados
Dithmenos
Elyvilon
Fedhas
Gozag
Hepliaklqana
Makhleb
Nemelex Xobeh
Okawaru
Qazlal
Ru
Trog
Uskayaw
Wu Jian
Xom
Yredelemnul
Zin
The Shining One

Shops:
D:9 =![*:   D:11 (


Innate Abilities, Weirdness & Mutations

You are immune to sickness and miasma.
You are immune to poison.
Your flesh is very heat resistant. (rF++)
You are vulnerable to cold. (rC-)
You float through the air rather than walking.
You learn spells naturally, not from books.
Your magical power is your life essence.
You have superior vitality. (+4 MHP)


Message History

Confirm with . or Enter, or press ? or * to list all spells.
An electric hum fills the air.
Casting: Summon Lightning Spire (mildly dangerous; 1% risk of failure)
Confirm with . or Enter, or press ? or * to list all spells.
Aiming: Fulminant Prism (mildly dangerous; 1% risk of failure)
Press: ? - help, Dir - move target You conjure a prism of explosive energy!
A fulminant prism comes into view.
Your lightning spire shoots out a bolt of lightning at the frost giant!
The bolt of electricity hits the frost giant.
Your fulminant prism crackles loudly.
Your lightning spire shoots out a bolt of lightning at the frost giant!
The bolt of electricity hits the frost giant!
The frost giant casts a spell at you.
The bolt of cold hits your battlesphere!
Your battlesphere resists.
The bolt of cold misses you.
Your fulminant prism explodes!
The blast of energy engulfs the frost giant!!
The frost giant is heavily wounded.
Your battlesphere is engulfed in freezing vapours.
You hear a bellow! x2
Casting: Fulminant Prism (mildly dangerous; 1% risk of failure)
Confirm with . or Enter, or press ? or * to list all spells.
Aiming: Tukima's Dance (safe; 1% risk of failure)
Press: ? - help, Shift-Dir - straight line, f - frost giant
Aim: a frost giant, wielding a +4 battleaxe of freezing (water, heavily wounded, ally target, chance to affect: 23%)
The frost giant resists with almost no effort.
The frost giant casts a spell at you. The bolt of cold hits you!!!
You feel a terrible chill!
Casting: Tukima's Dance (safe; 1% risk of failure)
Confirm with . or Enter, or press ? or * to list all spells.
Aiming: Tukima's Dance (safe; 1% risk of failure)
Press: ? - help, Shift-Dir - straight line, f/p - frost giant
Aim: a frost giant, wielding a +4 battleaxe of freezing (water, heavily wounded, ally target, chance to affect: 23%)
The frost giant resists with almost no effort.
The frost giant gestures at you while chanting.
The bolt of cold hits you!!!
You feel a terrible chill!
Ouch! That really hurt!
You die...

.......#
#....†##
#...†.###..
#####........
#≈≈≈†#.......
#≈≈C#########
# ##≈°≈≈*# #
##8°≈≈### .
#.#@### ##.##
#### #..##
###..##
##..##
......####
#.#.#
....##...##
##..#
...#...#..#
##..##
..######..#
#..## .##
##..## #.##


You could see a frost giant (ally target), a friendly lightning spire (summoned)
and a friendly battlesphere.

Vanquished Creatures
  Erolcha (D:12)
  A boulder beetle (D:9)
  3 death yaks (IceCv)
  A two-headed ogre (D:10)
  An orange crystal statue (D:8)
  An ugly thing (D:11)
  2 manticores
  An ice statue (IceCv)
  2 rime drakes (IceCv)
  3 gargoyles
  A kobold demonologist (D:10)
  A komodo dragon (D:10)
  5 trolls
  5 polar bears
  A hornet (D:10)
  2 wraiths (D:11)
  26 yaks
  A steam dragon (D:9)
  2 vampire mosquitoes (D:11)
  2 acid dragons
  4 water moccasins
  Duvessa (D:5)
  5 orc warriors
  3 black bears
  3 ice beasts
  An ogre (D:5)
  A wolf (IceCv)
  4 centaurs
  A phantom (D:6)
  2 bullfrogs
  13 scorpions
  Dowan (D:5)
  12 wights
  13 killer bees
  3 howler monkeys
  2 electric eels (D:9)
  3 bombardier beetles
  4 centaur zombies (Ossuary)
  A lava snake (D:8)
  2 hounds (D:6)
  7 orc priests
  3 human zombies (Ossuary)
  A jelly (D:5)
  2 gnoll boudas
  2 sleepcaps (D:6)
  4 scorpion zombies (Ossuary)
  13 orc wizards
  5 iguanas
  3 mummies (Ossuary)
  11 gnolls
  6 adders
  3 shadow imps
  18 white imps
  4 ufetubi
  3 dart slugs
  A ribbon worm (D:4)
  50 orcs
  4 ball pythons
  10 endoplasms
  4 giant cockroaches
  2 gnoll zombies (Ossuary)
  7 goblins
  6 hobgoblins
  9 jackals
  9 kobolds
  5 quokkas
  A ball python zombie (Ossuary)
  4 bats
  7 frilled lizards
  7 jackal zombies (Ossuary)
  An orc zombie (Ossuary)
  7 rats
360 creatures vanquished.

Vanquished Creatures (collateral kills)
  A catoblepas (D:10)
  A death yak (IceCv)
  A two-headed ogre (D:12)
  2 cyclopes
  A gargoyle (D:10)
  A rime drake (IceCv)
  A komodo dragon (D:12)
  A troll (D:12)
  A shadow (D:10)
  A wraith (D:9)
  6 yaks
  2 basilisks (D:10)
  2 steam dragons
  3 water moccasins
  An acid dragon (D:8)
  An ice beast (D:10)
  An orc warrior (D:11)
  2 black bears (D:10)
  A wolf (IceCv)
  2 ogres (D:7)
  A bullfrog (D:10)
  A scorpion (D:10)
  A wight (D:7)
  3 killer bees (D:9)
  A howler monkey (D:7)
  A lava snake (D:8)
  A hound (D:7)
  An orc priest (D:8)
  A sleepcap (D:7)
  An iguana (D:7)
  2 gnolls (D:7)
  6 white imps
  10 orcs (D:11)
  A fulminant prism (D:7)
63 creatures vanquished.

Vanquished Creatures (others)
  An orc wizard (D:7)
  An ufetubus (D:7)
  151 fulminant prisms
153 creatures vanquished.

Grand Total: 576 creatures vanquished

Notes
Turn   | Place    | Note
-------+----------+-------------------------------------------
     0 | D:1      | firemarshallily the Djinni Conjurer began the quest for the
                  | Orb.
     0 | D:1      | firemarshallily set off with the following spells
                  | memorised: Magic Dart, Searing Ray, Fulminant Prism,
                  | Iskenderun's Mystic Blast.
     0 | D:1      | Reached XP level 1. HP: 15/15 MP: 0/0
   126 | D:1      | Reached XP level 2. HP: 19/22 MP: 0/0
   144 | D:1      | Reached skill level 1 in Fighting
   376 | D:1      | Reached XP level 3. HP: 23/27 MP: 0/0
   376 | D:1      | Learned a level 1 spell: Apportation
   727 | D:2      | Reached skill level 2 in Fighting
   876 | D:2      | Reached XP level 4. HP: 33/33 MP: 0/0
  1034 | D:2      | Found a glowing silver altar of Zin.
  1176 | D:2      | Reached skill level 1 in Armour
  1325 | D:2      | Found a faded altar of an unknown god.
  1547 | D:3      | Reached XP level 5. HP: 39/39 MP: 0/0
  1547 | D:3      | Learned a level 2 spell: Static Discharge
  1579 | D:3      | Reached skill level 3 in Fighting
  1584 | D:3      | Reached XP level 6. HP: 12/46 MP: 0/0
  2409 | D:4      | Found a sand-covered staircase.
  2415 | Ossuary  | Entered an ossuary
  2475 | Ossuary  | Reached skill level 4 in Fighting
  2515 | Ossuary  | Reached XP level 7. HP: 51/52 MP: 0/0
  2515 | Ossuary  | Learned a level 3 spell: Tukima's Dance
  2570 | Ossuary  | Reached skill level 5 in Spellcasting
  2570 | Ossuary  | Reached skill level 5 in Conjurations
  2570 | Ossuary  | Reached skill level 5 in Hexes
  2570 | Ossuary  | Reached skill level 5 in Summonings
  2570 | Ossuary  | Reached skill level 5 in Necromancy
  2570 | Ossuary  | Reached skill level 5 in Translocations
  2570 | Ossuary  | Reached skill level 5 in Fire Magic
  2570 | Ossuary  | Reached skill level 5 in Ice Magic
  2570 | Ossuary  | Reached skill level 5 in Air Magic
  2570 | Ossuary  | Reached skill level 5 in Earth Magic
  2570 | Ossuary  | Reached skill level 5 in Alchemy
  2659 | Ossuary  | Reached skill level 5 in Fighting
  2664 | Ossuary  | Reached XP level 8. HP: 50/59 MP: 0/0
  2903 | D:4      | Reached skill level 6 in Fighting
  3124 | D:4      | Identified the +4 scale mail of Chill Winds {rF++ Str+2}
  3620 | D:5      | Entered Level 5 of the Dungeon
  3758 | D:5      | Reached XP level 9. HP: 47/67 MP: 0/0
  3758 | D:5      | Learned a level 4 spell: Summon Lightning Spire
  3798 | D:5      | Reached skill level 7 in Fighting
  3821 | D:5      | Found a staircase to the Ecumenical Temple.
  3835 | Temple   | Entered the Ecumenical Temple
  3850 | Temple   | Became a worshipper of Makhleb the Destroyer
  3884 | D:5      | Identified the +2 robe "Cijaes" {rN+ Dex+2}
  4143 | D:5      | Noticed Dowan
  4153 | D:5      | Noticed Duvessa
  4165 | D:5      | Killed Dowan
  4173 | D:5      | Killed Duvessa
  4492 | D:6      | Reached skill level 8 in Fighting
  4549 | D:6      | Reached skill level 5 in Dodging
  4991 | D:6      | Noticed a troll
  4997 | D:6      | Killed a troll
  4998 | D:6      | Reached XP level 10. HP: 71/77 MP: 0/0
  5117 | D:7      | Reached * piety under Makhleb
  5171 | D:7      | Reached skill level 9 in Fighting
  5350 | D:7      | Found a shimmering altar of Xom.
  5588 | D:7      | Reached ** piety under Makhleb
  5714 | D:8      | Noticed an orange crystal statue
  5715 | D:8      | Noticed a two-headed ogre
  5728 | D:8      | Found an opulent altar of Gozag.
  5967 | D:8      | Found a stormy altar of Qazlal.
  6015 | D:8      | Reached skill level 10 in Fighting
  6049 | D:8      | Found an iron altar of Okawaru.
  6174 | D:8      | Found an ornate altar of the Wu Jian Council.
  6253 | D:8      | Identified a scroll of acquirement
  6262 | D:8      | Acquired a manual of Fire Magic
  6272 | D:8      | Found a hazy altar of Hepliaklqana.
  6485 | D:8      | Killed an orange crystal statue
  6486 | D:8      | Reached XP level 11. HP: 69/86 MP: 0/0
  6486 | D:8      | Learned a level 5 spell: Iskenderun's Battlesphere
  6545 | D:9      | Identified the +9 plate armour of Polytheism {Fly}
  6604 | D:9      | Found Sidde's Armour Shop.
  6605 | D:9      | Found Jocaal's Book Shop.
  6608 | D:9      | Found Kyureysch's Distillery.
  6608 | D:9      | Found Lolalaett's General Store.
  6635 | D:9      | Bought a +2 buckler for 181 gold pieces
  6640 | D:9      | Bought a potion of berserk rage for 55 gold pieces
  6640 | D:9      | Bought a potion of enlightenment for 55 gold pieces
  6640 | D:9      | Bought a potion of degeneration for 11 gold pieces
  6640 | D:9      | Bought a potion of cancellation for 88 gold pieces
  6640 | D:9      | Bought a potion of brilliance for 44 gold pieces
  6737 | D:9      | Found a glowing golden altar of the Shining One.
  6781 | D:9      | Reached skill level 1 in Shields
  6793 | D:9      | Reached *** piety under Makhleb
  6794 | D:9      | Reached skill level 11 in Fighting
  6849 | D:9      | Noticed a boulder beetle
  6872 | D:9      | Killed a boulder beetle
  6976 | D:9      | Found a snail-covered altar of Cheibriados.
  6996 | D:9      | Found Nemoq's Jewellery Shoppe.
  7535 | D:10     | Entered Level 10 of the Dungeon
  7605 | D:10     | Reached skill level 10 in Fire Magic
  7635 | D:10     | Noticed a catoblepas
  7649 | D:10     | Reached XP level 12. HP: 82/94 MP: 0/0
  7650 | D:10     | Reached **** piety under Makhleb
  7651 | D:10     | Killed a catoblepas
  7658 | D:10     | Reached skill level 5 in Shields
  7662 | D:10     | Noticed a two-headed ogre
  7670 | D:10     | Killed a two-headed ogre
  7671 | D:10     | Reached skill level 12 in Fighting
  7707 | D:10     | Found the +6 shillelagh "Devastator" {shatter}
  7893 | D:10     | Reached skill level 10 in Spellcasting
  7893 | D:10     | Reached skill level 10 in Conjurations
  7893 | D:10     | Reached skill level 10 in Hexes
  7893 | D:10     | Reached skill level 10 in Summonings
  7893 | D:10     | Reached skill level 10 in Necromancy
  7893 | D:10     | Reached skill level 10 in Translocations
  7893 | D:10     | Reached skill level 10 in Ice Magic
  7893 | D:10     | Reached skill level 10 in Air Magic
  7893 | D:10     | Reached skill level 10 in Earth Magic
  7893 | D:10     | Reached skill level 10 in Alchemy
  7900 | D:10     | Found a bloodstained altar of Trog.
  7940 | D:10     | Found a staircase to the Lair.
  8366 | D:11     | Found Deerphuk's Antique Weapon Boutique.
  8466 | D:11     | Found a staircase to the Orcish Mines.
  8558 | D:11     | Reached ***** piety under Makhleb
  8725 | D:11     | Reached skill level 13 in Fighting
  9164 | D:12     | Reached XP level 13. HP: 66/103 MP: 0/0
  9164 | D:12     | Learned a level 5 spell: Yara's Violent Unravelling
  9197 | D:12     | Reached skill level 1 in Invocations
  9408 | D:12     | Noticed Erolcha
  9416 | D:12     | Killed Erolcha
  9473 | D:12     | Found a frozen archway.
  9484 | IceCv    | Entered an ice cave
  9510 | IceCv    | Reached skill level 14 in Fighting
  9641 | IceCv    | Noticed a frost giant
  9774 | IceCv    | Killed from afar by a frost giant

Illustrated notes

Levels and vault maps discovered:
D:1:      psy_arrival_conway, layout_basic
D:2:      layout_loops_corners, basic_altar,
          shapermc_ecumenical_altar_mp_ritualfount, minmay_pentomino_pile
D:3:      layout_basic
D:4:      layout_loops_ring, nicolae_ossuary_entry_monument, serial_demonic,
          serial_demonic_g, serial_demonic_a, serial_demonic_b,
          serial_demonic_e, serial_demonic_b, nicolae_titane
D:5:      layout_loops_ring, minmay_temple_entry_drinking_statues, uniq_duvessa
D:6:      layout_loops_ring, minmay_small_thing
D:7:      layout_basic, xom_confusion_cloud
D:8:      layout_basic, mainiacjoe_overflow_tiny_flanked,
          nzn_wu_jian_council_hall, mainiacjoe_overflow_boulevard, led_sif_pool,
          mainiacjoe_overflow_chevrons,
          mainiacjoe_overflow_concentric_impassable, disabler_island
D:9:      layout_stronghold, lemuel_round_altar, nicolae_overflow_squiral,
          minmay_shop_enchanted_jewellery, minmay_shop_grid_forest
D:10:     minmay_roctagon, layout_irregular_city, bloody_trog,
          due_lair_maze_entry_diamond, serial_ice, serial_ice_m, serial_ice_a,
          serial_ice_o, serial_ice_d, serial_ice_e, grunt_ministairs_8
D:11:     layout_basic, hiddenorc2_lemuel, serial_shops, shop
D:12:     layout_long_grid, gammafunk_ghost_cemetery,
          portal_ice_cave_entry_imps, uniq_erolcha, uniq_josephine
Temple:   bh_familiar_temple
IceCv:    ice_cave_small_giant

Skill      XL: |  1  2  3  4  5  6  7  8  9 10 11 12 13 |
---------------+----------------------------------------+-----
Fighting       | 1 2 3 4 5 6 8 10 11 13 14 | 14.4
Spellcasting   | 4 5 6 7 8 9 10 11 | 11.3
Conjurations   | 4 5 6 7 8 9 10 11 | 11.3
Hexes          | 4 5 6 7 8 9 10 11 | 11.3
Summonings     | 4 5 6 7 8 9 10 11 | 11.3
Necromancy     | 4 5 6 7 8 9 10 11 | 11.3
Translocations | 4 5 6 7 8 9 10 11 | 11.3
Fire Magic     | 4 5 6 7 8 10 12 13 | 13.6
Ice Magic      | 4 5 6 7 8 9 10 11 | 11.3
Air Magic      | 4 5 6 7 8 9 10 11 | 11.3
Earth Magic    | 4 5 6 7 8 9 10 11 | 11.3
Alchemy        | 4 5 6 7 8 9 10 11 | 11.3
Armour         | 1 2 3 4 |  4.0
Dodging        | 3 5 6 7 |  7.5
Shields        | 4 5 |  5.0
Invocations    | 3 |  3.8
Stealth        | |  1.5

Action                     |  1- 3 |  4- 6 |  7- 9 | 10-12 | 13-15 || total
---------------------------+-------+-------+-------+-------+-------++-------
  Melee: Dagger            |    17 |     6 |       |       |       ||    23
         Short sword       |       |    14 |    70 |    67 |       ||   151
         Punch             |       |       |     1 |     1 |       ||     2
         Shillelagh        |       |       |       |    27 |    11 ||    38
   Cast: Magic Dart        |    61 |    59 |   112 |   174 |    54 ||   460
         Searing Ray       |     3 |    15 |    49 |    20 |     2 ||    89
         Static Discharge  |       |     2 |       |     4 |       ||     6
         Fulminant Prism   |       |       |    21 |    97 |    34 ||   152
         Summon Lightning  |       |       |     2 |    47 |    18 ||    67
         Iskenderun's Batt |       |       |       |    30 |    11 ||    41
         Tukima's Dance    |       |       |       |     1 |     5 ||     6
    Use: Potion            |       |     1 |       |     1 |     2 ||     4
         Scroll            |       |     5 |     6 |     8 |       ||    19
   Stab: Distracted        |       |       |     1 |       |       ||     1
 Armour: Robe              |     8 |       |       |       |       ||     8
         Troll leather arm |     6 |    39 |   107 |   117 |    37 ||   306
  Dodge: Dodged            |    12 |    37 |   108 |    91 |    22 ||   270
  Block: Buckler           |       |       |       |    18 |     9 ||    27
